 Dungeon Crawl Stone Soup version 0.25.1-2-g60ff931 (webtiles) character file.

Game seed: 3420404383692308168

5784 JarrettUX the Basher (level 10, 0/82 HPs)
             Began as a Barachi Monk on Aug 9, 2020.
             Was an Initiate of Gozag.
             Killed by vampiric draining
             ... invoked by a vampire
              (8 damage)
             ... on level 9 of the Dungeon on Aug 10, 2020.
             The game lasted 00:44:36 (11243 turns).

JarrettUX the Basher (Barachi Monk)                Turns: 11243, Time: 00:44:37

Health: 0/82       AC: 31    Str: 13    XL:     10   Next: 78%
Magic:  14/20      EV:  6    Int: 16    God:    Gozag
Gold:   1569       SH:  0    Dex: 17    Spells: 8/9 levels left

rFire    + . .     SeeInvis .   a - +5 flail (protect)
rCold    . . .     Gourm    .   (no shield)
rNeg     . . .     Faith    .   l - +0 plate armour
rPois    .         Spirit   .   s - +3 hat of Pondering {ponderous, MR+ MP+10 Int+5}
rElec    .         Reflect  .   (no cloak)
rCorr    .         Harm     .   f - +0 pair of gloves
MR       +....                  o - +2 pair of boots
Stlth    ..........             (no amulet)
HPRegen  0.00/turn              (no ring)
MPRegen  0.17/turn              (no ring)

@: about to teleport, gold aura, protection aura, very slow
A: +LOS, swims, yellow scales 1, fire resistance 1, slowness 1, inhibited
regeneration, MP-powered wands, strong legs 1
a: Hop, Potion Petition, Call Merchant, Bribe Branch, Renounce Religion


You were on level 9 of the Dungeon.
You worshipped Gozag.
Gozag was most pleased with you.
You were not hungry.

You visited 1 branch of the dungeon, and saw 9 of its levels.
You also visited: Sewer.

You collected 1569 gold pieces.

Inventory:

Hand Weapons
 a - a +5 flail of protection (weapon)
Missiles
 g - 40 poisoned darts (quivered)
 i - 7 atropa-tipped darts
 v - 16 sling bullets
Armour
 f - a +0 pair of gloves (worn)
 l - a +0 plate armour (worn)
 o - a +2 pair of boots (worn)
 s - the +3 hat of Pondering (worn) {ponderous, MR+ MP+10 Int+5}
   (You took it off Gastronok on level 8 of the Dungeon)

   It affects your intelligence (+5).
   It affects your resistance to hostile enchantments.
   It affects your magic capacity (+10).
Wands
 t - a wand of iceblast (7)
 u - a wand of paralysis (10)
 w - a wand of acid (7)
Scrolls
 b - 8 scrolls of remove curse
 d - 3 scrolls of fear
 e - 6 scrolls of identify
 h - 2 scrolls of teleportation
 k - 4 scrolls of magic mapping
Potions
 j - a potion of flight
 m - a potion of brilliance
 n - a potion of magic
 p - 2 potions of curing
 q - a potion of cancellation
 r - a potion of invisibility
Comestibles
 c - 11 rations


   Skills:
 + Level 8.9 Fighting
   Level 7.1 Long Blades
 + Level 10.1 Maces & Flails
 + Level 2.6 Throwing
 + Level 9.9 Armour
 + Level 4.7 Dodging
 + Level 2.5 Stealth


You had 8 spell levels left.
You knew the following spells:

 Your Spells              Type           Power        Failure   Level  Hunger
a - Magic Dart            Conj           #...         100%        1    ##.....

Your spell library contained the following spells:

 Spells                   Type           Power        Failure   Level  Hunger
 Animate Skeleton         Necr           N/A          100%        1    ##.....
 Apportation              Tloc           #.....       100%        1    ##.....
 Corona                   Hex            #......      100%        1    ##.....
 Summon Small Mammal      Summ           #...         100%        1    ##.....
 Blink                    Tloc           N/A          100%        2    ###....
 Call Imp                 Summ           #.......     100%        2    ###....
 Poisonous Vapours        Pois/Air       #.....       100%        2    ###....
 Slow                     Hex            #.......     100%        2    ###....
 Conjure Flame            Conj/Fire      #.......     100%        3    ####...
 Mephitic Cloud           Conj/Pois/Air  #.......     100%        3    ####...
 Freezing Cloud           Conj/Ice/Air   #.........   100%        6    #######
 Ring of Flames           Chrm/Fire      #.........   100%        7    #######


Dungeon Overview and Level Annotations

Branches:
Dungeon (9/15)             Temple (0/1) D:5           Sewer (visited)
   Lair: D:8-11         Orc: D:9-12

Altars:
Fedhas
Gozag
Okawaru
Sif Muna
Trog
The Shining One

Shops:
D:5 }


Innate Abilities, Weirdness & Mutations

You can be seen from farther away. (+LOS)
You can swim through water.
You cover ground slowly.
You can hop short distances.
You are partially covered in yellow scales. (AC +2)
Your flesh is heat resistant. (rF+)
You do not regenerate when monsters are visible.
You expend magic power (3 MP) to strengthen your wands.


Message History

You feel better. The yak gores you but does no damage.
The vampire gestures wildly while chanting.
The vampire flickers and vanishes!
Deactivating autopickup; reactivate with Ctrl-A.
The yak gores you but does no damage.
You hit something.
Your weapon exudes an aura of protection.
The yak completely misses you. Something hits you but does no damage.
Something bites you!
* * * LOW HITPOINT WARNING * * *
Something draws strength from your injuries!
The yak gores you.
* * * LOW HITPOINT WARNING * * *
Okay, then.
As you read the scroll of teleportation, it crumbles to dust.
You feel strangely unstable. The yak gores you.
* * * LOW HITPOINT WARNING * * *
Unholy energy fills the air.
You die...
Your body crumbles into a pile of gold.

#Y #.# ?.. .. #.# ).#
#Y #.# .. #Y #.# #.#
#Y #.# ..### # #.
#.##### ....#..# #.
#.#.#.###.......#
##Y##Y.............#
#.YY@{Y.....#.......#
#..######.#..........
#.. #.#........<# #..
.>#........## #..
...#h..#....# ..<
...........?.# ##..
.......h........ #(#
#..[......####### #)
###...#.Y.#


You could see 4 yaks and an ice beast.

Vanquished Creatures
  Gastronok (D:8)
  A hippogriff (D:8)
  Eustachio (D:6)
  A human (D:7)
  2 yaks
  2 steam dragons (D:8)
  3 hogs (D:7)
  Menkaure (D:6)
  Edmund (D:4)
  An acid dragon (D:6)
  A water moccasin (D:8)
  A black bear (D:7)
  2 ice beasts (D:8)
  A sky beast (D:9)
  Purgy (D:4)
  3 phantoms
  An ogre (D:8)
  A centaur (D:7)
  5 big kobolds
  A scorpion (D:5)
  4 killer bees (D:8)
  A crimson imp (D:5)
  A hound (D:7)
  2 orc priests
  2 iguanas
  A jelly (D:8)
  6 orc wizards
  7 worker ants
  12 adders
  3 river rats (Sewer)
  2 shadow imps
  2 oozes (Sewer)
  An adder zombie (D:7)
  2 adder skeletons
  4 worms
  3 dart slugs
  6 leopard geckos
  17 orcs
  7 bats
  9 giant cockroaches
  8 hobgoblins
  6 jackals
  6 quokkas
  3 ball pythons
  5 frilled lizards
  A giant cockroach zombie (D:4)
  4 goblins
  20 kobolds
  A leopard gecko skeleton (D:7)
  8 rats
185 creatures vanquished.

Vanquished Creatures (others)
  A steam dragon (D:8)
1 creature vanquished.

Grand Total: 186 creatures vanquished

Notes
Turn   | Place    | Note
-------+----------+-------------------------------------------
     0 | D:1      | JarrettUX the Barachi Monk began the quest for the Orb.
     0 | D:1      | Reached XP level 1. HP: 18/18 MP: 1/1
   158 | D:1      | Reached XP level 2. HP: 16/25 MP: 2/2
   975 | D:1      | Reached XP level 3. HP: 23/30 MP: 3/3
  1269 | D:2      | Learned a level 1 spell: Magic Dart
  1274 | D:2      | Reached skill level 1 in Armour
  1303 | D:2      | Reached XP level 4. HP: 22/38 MP: 4/4
  1488 | D:2      | Found an opulent altar of Gozag.
  1498 | D:2      | Became a worshipper of Gozag Ym Sagoz the Greedy
  1888 | D:2      | Found a bloodstained altar of Trog.
  1990 | D:2      | Found a blossoming altar of Fedhas.
  2078 | D:2      | You fall into a shaft and drop 1 floor!
  2543 | D:3      | Found a glowing drain.
  2558 | D:3      | Reached XP level 5. HP: 26/43 MP: 5/5
  2589 | Sewer    | Entered a sewer
  2626 | Sewer    | Noticed a big kobold
  2654 | Sewer    | Killed a big kobold
  2654 | Sewer    | Reached skill level 5 in Fighting
  2654 | Sewer    | Reached skill level 5 in Long Blades
  3075 | Sewer    | Reached XP level 6. HP: 43/51 MP: 6/6
  3759 | Sewer    | Reached XP level 7. HP: 30/56 MP: 7/7
  4195 | D:3      | Found a glowing golden altar of the Shining One.
  4566 | D:3      | Gained mutation: You are partially covered in yellow
                  | scales. (AC +2) [potion of mutation]
  4566 | D:3      | Gained mutation: You expend magic power (3 MP) to
                  | strengthen your wands. [potion of mutation]
  4566 | D:3      | Gained mutation: You do not regenerate when monsters are
                  | visible. [potion of mutation]
  4566 | D:3      | Gained mutation: Your flesh is heat resistant. (rF+)
                  | [potion of mutation]
  4720 | D:4      | Noticed Purgy
  4751 | D:4      | Killed Purgy
  5038 | D:4      | Noticed Edmund
  5072 | D:4      | Killed Edmund
  5566 | D:4      | Found a shimmering blue altar of Sif Muna.
  5567 | D:4      | Reached skill level 5 in Armour
  6069 | D:5      | Entered Level 5 of the Dungeon
  6180 | D:5      | Reached XP level 8. HP: 49/64 MP: 8/8
  6301 | D:5      | Found Ticat's Gadget Emporium.
  6364 | D:5      | Reached skill level 1 in Maces & Flails
  6364 | D:5      | Reached skill level 1 in Throwing
  6392 | D:5      | Reached skill level 2 in Maces & Flails
  7054 | D:5      | Found a staircase to the Ecumenical Temple.
  7165 | D:6      | Reached skill level 3 in Maces & Flails
  7488 | D:6      | Noticed Eustachio
  7518 | D:6      | Killed Eustachio
  7518 | D:6      | Reached skill level 4 in Maces & Flails
  7565 | D:6      | Noticed Menkaure
  7578 | D:6      | Killed Menkaure
  7601 | D:6      | Reached skill level 5 in Maces & Flails
  7971 | D:6      | Reached XP level 9. HP: 71/71 MP: 9/9
  8345 | D:7      | Reached skill level 6 in Maces & Flails
  8873 | D:7      | Reached skill level 7 in Maces & Flails
  9766 | D:8      | Reached skill level 8 in Maces & Flails
  9773 | D:8      | Found an iron altar of Okawaru.
 10049 | D:8      | Reached XP level 10. HP: 72/80 MP: 10/10
 10265 | D:8      | Noticed Gastronok
 10286 | D:8      | Killed Gastronok
 10286 | D:8      | Reached skill level 9 in Maces & Flails
 11002 | D:8      | Reached skill level 10 in Maces & Flails
 11243 | D:9      | Killed from afar by a vampire

Illustrated notes

Levels and vault maps discovered:
D:1:      elethiomel_arrival_quiet, layout_loops_ring, minmay_tromino_v7
D:2:      layout_loops_cross, lightli_temple_of_fire,
          nicolae_gozag_seed_capital, chequers_jeans, fedhas_altar_4
D:3:      layout_rooms, nicolae_tso_swordbearing_angel, gup_sewer_entry_pipe,
          minmay_misc_feat_pillars, wander_ebering_terrifying_dragon_lair
D:4:      layout_rooms, tgw_sif, first_ration, kennysheep_generic_room_15,
          uniq_edmund, uniq_purgy
D:5:      layout_basic, lemuel_temple_firewalk_a, serial_shops, shop
D:6:      layout_loops_corners, uniq_menkaure, uniq_eustachio
D:7:      layout_loops_corners, minmay_misc_feat_hallway, nrook_mini_backslash,
          minivault_1, nicolae_water_bricks, grunt_livestock
D:8:      layout_loops_cross, okawaru_trees_1, minmay_misc_feat_plants,
          grunt_ministairs_7, minivault_1, uniq_gastronok
D:9:      layout_loops_ring, nicolae_ru_the_path_less_chosen, kennysheep_mini,
          chequers_serial_rivers_large_b, corexii_checkpoint_a

Skill      XL: |  1  2  3  4  5  6  7  8  9 10 |
---------------+-------------------------------+-----
Fighting       | 4 5 6 7 8 |  8.9
Long Blades    | 4 5 6 7 |  7.1
Armour         | 1 2 3 4 5 6 8 9 |  9.9
Stealth        | 2 |  2.5
Dodging        | 4 |  4.7
Maces & Flails | 5 8 10 | 10.1
Throwing       | 1 2 |  2.6

Action                   |  1- 3 |  4- 6 |  7- 9 | 10-12 || total
-------------------------+-------+-------+-------+-------++-------
Melee: Falchion          |   106 |   285 |   165 |       ||   556
       Flail             |       |       |   349 |   105 ||   454
Throw: Dart              |     4 |     6 |    40 |     2 ||    52
Evoke: Wand              |       |       |       |     2 ||     2
  Use: Scroll            |     2 |     2 |     8 |     2 ||    14
       Potion            |     1 |     1 |    16 |     2 ||    20
 Stab: Distracted        |       |       |     1 |       ||     1
  Eat: Ration            |     1 |     2 |     7 |     1 ||    11
Armor: Scale mail        |    43 |    85 |    86 |       ||   214
       Plate armour      |       |       |   303 |    89 ||   392
Dodge: Dodged            |    61 |   121 |   189 |    27 ||   398
       Rpst.: Falchion   |    23 |    31 |    26 |       ||    80
